[Event "Early-Titled-Tuesday-Blitz-September-26-2023"]
[Site "Chess.com"]
[Date "2023.09.26"]
[Round "8"]
[White "campochess"]
[Black "Mariia89"]
[Result "1-0"]
[WhiteElo "2180"]
[BlackElo "2076"]
[TimeControl "180+1"]
[EndTime "9:29:40 PDT"]
[Termination "campochess won on time"]

1. e4 c6 2. Nc3 d5 3. Nf3 dxe4 4. Nxe4 Nf6 5. Ng3 h5 6. h4 Bg4 7. Bc4 e6 8. d4 c5 9. c3 Nc6 10. Be3 cxd4 11. cxd4 Bb4+ 12. Kf1 Bd6 13. Ne2 Bxf3 14. gxf3 a6 15. Rc1 Rc8 16. Rg1 g6 17. Bg5 Be7 18. Qd2 Nh7 19. a3 Nxg5 20. hxg5 h4 21. f4 b5 22. Ba2 b4 23. d5 bxa3 24. bxa3 Bxa3 25. Rc2 Bb4 26. Qd3 O-O 27. Qb3 exd5 28.
Rxc6 Rxc6 29. Qxb4 a5 30. Qd4 Qb8 31. Qxd5 Ra6 32.
Nd4 Qb2 33. Bc4 Qc1+ 34. Kg2 Rb6 35. Ne2 Qc2 36. Rc1 Qb2 37. Qd3 Kg7 38. Rc2 Qa1 39.
Nd4 a4 40. f5 gxf5 41. Nxf5+ Kh8 42. Ne7 Rd6 43. Qe3 1-0

[Event "Early-Titled-Tuesday-Blitz-September-26-2023"]
[Site "Chess.com"]
[Date "2023.09.26"]
[Round "8"]
[White "bubeliang"]
[Black "Zohid6"]
[Result "0-1"]
[WhiteElo "2641"]
[BlackElo "2787"]
[TimeControl "180+1"]
[EndTime "9:29:45 PDT"]
[Termination "Zohid6 won by checkmate"]

1. e4 e6 2. d4 d5 3. exd5 exd5 4. Nf3 Nc6 5. c3 Bd6 6. Bd3 Nge7 7. a4 O-O 8. O-O Bf5 9. Re1 Qd7 10. b4 a6 11. Be3 Rfe8 12. Qc2 Bxd3 13. Qxd3 Ng6 14. Nbd2 Nce7 15. Nf1 Nf5 16. Bd2 h6 17. Ne3 Nxe3 18.
Bxe3 c6 19. h3 Re4 20. Bc1 Rae8 21. Bd2 Qf5 22. Re3 Nf4 23. Qf1 Qg6 24. g3 Rxe3 25. Bxe3 Nh5 26. Nh4 Nxg3 27. Nxg6 Nxf1 28. Kxf1 fxg6 29.
b5 cxb5 30. axb5 axb5 31. Ra5 Rc8 32. Rxb5 Rxc3 33. Rxb7 g5 34. Rb5 Bf4 35. Bxf4 gxf4 36. Kg2 Kf7 37. Rxd5 g5 38. Rd6 Kg7 39. d5 Rd3 40.
Kh2 h5 41. Kg2 h4 42. Rd8 f3+ 43. Kh2 Rd2 44. Kg1 Rd1+ 45. Kh2 Rf1 46. d6 Rxf2+ 47.
Kg1 Rg2+ 48. Kf1 Rd2 49. d7 g4 50. hxg4 h3 51. Ra8 h2 52. Ke1 Re2+ 53. Kd1 h1=Q# 0-1

[Event "Early-Titled-Tuesday-Blitz-September-26-2023"]
[Site "Chess.com"]
[Date "2023.09.26"]
[Round "8"]
[White "wild3000"]
[Black "PawnEatingZombie"]
[Result "1-0"]
[WhiteElo "2289"]
[BlackElo "2144"]
[TimeControl "180+1"]
[EndTime "9:29:45 PDT"]
[Termination "wild3000 won on time"]

1. g3 c5 2. Bg2 Nc6 3. f4 g6 4. e4 Bg7 5. Nc3 e6 6. Nf3 Nge7 7. O-O O-O 8. d3 d6 9. h4 Rb8 10. h5 b5 11. hxg6 hxg6 12. Ng5 b4 13. Na4 Qa5 14. c3 bxc3 15. bxc3 Bd7 16. Bd2 Nd4 17. cxd4 Bxd4+ 18. Kh1 Qxa4 19. Qxa4 Bxa4 20. Bf3 Rb2 21. Bc1 Rc2 22. Bd1 Bxa1 23. Bxc2 Bxc2 24. Rf3 Rb8 25. Kg2 Rb1 26. Ba3 Bd4 27. g4 Rd1 28. e5 dxe5 29. Ne4 exf4 30. Nxc5 Bxc5 31. Bxc5 Nd5 32. Rf2 Bxd3 33. Rb2 Be4+ 34.
Kf2 Rb1 35. Rd2 g5 36. Bd4 f6 37. Re2 Kf7 38. Rxe4 Rc1 39. Re2 Rc4 40. Bxa7 Ra4 41. Bc5 f5 42. gxf5 exf5 43. a3 g4 44. Re5 Kg6 45.
Rxd5 Rc4 46. Ke2 f3+ 47. Kd3 Rc1 48. Kd2 Ra1 49. Rd6+ Kg5 50. Rd8 Ra2+ 51. Kc3 g3 52. Kb3 Re2 53. Rg8+ Kf4 54. Bd6+ Ke4 55. Bxg3 f2 56.
Bxf2 Rxf2 57. a4 Rf1 58. Re8+ Kf3 59. a5 Ra1 60. Re5 f4 61. Kb2 Ra4 62. Kb3 Ra1 63. Kb2 Ra4 64. Rf5 Kg3 65. Rg5+ Kf2 66. Kb3 Ra1 67. Kb2 Ra4 68. Rf5 f3 69. Kb3 Ra1 70. Kb4 Kg2 71. Rg5+ Kf1 72. Rh5 f2 73. Rh1+ 1-0

[Event "Early-Titled-Tuesday-Blitz-September-26-2023"]
[Site "Chess.com"]
[Date "2023.09.26"]
[Round "8"]
[White "ViktoriyaTarasova"]
[Black "Likvidator228"]
[Result "0-1"]
[WhiteElo "2397"]
[BlackElo "2524"]
[TimeControl "180+1"]
[EndTime "9:29:46 PDT"]
[Termination "Likvidator228 won on time"]

1. d4 f5 2. g3 Nf6 3. Bg2 g6 4. Nf3 Bg7 5. O-O O-O 6. c4 d6 7.
Nc3 Nc6 8. b3 e5 9. dxe5 dxe5 10. e4 Nxe4 11. Nxe4 fxe4 12. Ng5 Bf5 13. Nxe4 Nd4 14. Bg5 Qe8 15. Re1 h6 16. Be3 Rd8 17. Qc1 Kh7 18. Bxd4 Rxd4 19. Qe3 b6 20. Rad1 Qd8 21.
Nc3 c5 22. Be4 Bg4 23. f3 Bf5 24. Kg2 Qc8 25. Nd5 Qd7 26. Kg1 h5 27. Qe2 Bh6 28. Rd3 Qf7 29. Kg2 Bg5 30. h4 Bh6 31. Rxd4 exd4 32. Bxf5 Qxf5 33. g4 Qf7 34. g5 Bg7 35. Qe4 Rd8 36. Re2 Rd7 37. Re1 Rd8 38. Re2 Rf8 39. f4 Qd7 40. Qe6 Qxe6 41. Rxe6 Rf7 42. Kf3 Kg8 43. Ke4 Kf8 44. Rxg6 Rd7 45. f5 Kf7 46.
Rc6 Bf8 47. g6+ Kg7 48. Nf4 Kh6 49. Nd3 Be7 50. Ne5 Rb7 51. Nf7+ Kg7 52. Ne5 Bxh4 53.
Nf3 Bf6 54. Kd5 Rd7+ 55. Ke4 d3 56. Nd2 Bg5 57. Nf3 d2 58. Nxd2 Bxd2 0-1

[Event "Early-Titled-Tuesday-Blitz-September-26-2023"]
[Site "Chess.com"]
[Date "2023.09.26"]
[Round "8"]
[White "Shockerlover"]
[Black "PattyCastillo"]
[Result "0-1"]
[WhiteElo "1967"]
[BlackElo "1883"]
[TimeControl "180+1"]
[EndTime "9:29:46 PDT"]
[Termination "PattyCastillo won by checkmate"]

1. d4 d5 2. Nf3 Nf6 3. c4 c6 4. g3 e6 5. Bg2 Nbd7 6. O-O Be7 7. Qc2 O-O 8. Rd1 b6 9. cxd5 cxd5 10. Qc6 Ba6 11. Bf4 Rc8 12. Qa4 Bxe2 13. Re1 Bxf3 14.
Bxf3 a5 15. Nc3 Rc4 16. Qb3 Rb4 17. Qd1 Rxb2 18. Na4 Rb4 19. a3 Rc4 20. Be2 Rc8 21.
Qb3 Ne4 22. Bb5 Ndf6 23. Bd3 Rc6 24. Rac1 Rxc1 25. Rxc1 Bd6 26. Be3 Nd7 27. Rc6 Bc7 28. Qc2 Bb8 29. Bxe4 dxe4 30. Qxe4 Nf6 31. Qb1 Qd5 32.
Rxb6 Ba7 33. Rb5 Qd7 34. Nc5 Bxc5 35. dxc5 Rc8 36. Rxa5 Nd5 37. Bd4 Qe7 38. Qe1 h6 39. Ra6 Qb7 40. Qe2 Qb1+ 41. Kg2 Qb7 42. Ra5 Nf4+ 43.
Kf1 Qh1# 0-1

[Event "Early-Titled-Tuesday-Blitz-September-26-2023"]
[Site "Chess.com"]
[Date "2023.09.26"]
[Round "8"]
[White "CristianS27"]
[Black "spotbet"]
[Result "1/2-1/2"]
[WhiteElo "2495"]
[BlackElo "2387"]
[TimeControl "180+1"]
[EndTime "9:29:47 PDT"]
[Termination "Game drawn by repetition"]

1. e4 e6 2. d4 d5 3. Nd2 c5 4. Ngf3 dxe4 5. Nxe4 cxd4 6. Qxd4 Bd7 7. Bg5 Qa5+ 8. Bd2 Qd5 9. Qxd5 exd5 10. Nc3 Nf6 11. Bg5 Bb4 12. O-O-O Bxc3 13. bxc3 Ne4 14. Rxd5 f6 15. Be3 Nxc3 16. Ra5 Nc6 17. Ra3 Nd5 18. Bc5 b6 19. Bd6 Rc8 20. Ba6 Rd8 21. Re1+ Kf7 22. Bc4 Be6 23. Bg3 Na5 24. Bf1 Rhe8 25. Nd4 Bd7 26. Rd1 Bg4 27. f3 Bd7 28. c4 Ne3 29.
Re1 Nexc4 30. Rxe8 Rxe8 31. Rc3 b5 32. a4 a6 33.
axb5 axb5 34. Bd3 Re3 35. Bf2 Re8 36. h4 g6 37. h5 Rc8 38. hxg6+ hxg6 39. Kd1 Nb2+ 40. Kd2 Nxd3 41. Kxd3 b4 42. Rxc8 Bxc8 43. Kc2 Ba6 44. Kb2 Bf1 45. g3 Bg2 46. f4 Bd5 47. Ne2 Ke6 48. Bc5 b3 49. Bb4 Nc6 50. Bc3 Bc4 51. Nd4+ Nxd4 52. Bxd4 f5 53. Kc3 Kd5 54. Bf6 Kc5 55. Bg5 Kb5 56. Kb2 Be6 57. Bf6 Kc4 58.
Bg5 Kd3 59. Bh4 Ke3 60. Ka3 Kf3 61. Kb2 Kg4 62. Ka3 Kf3 63. Kb2 Ke2 64. Bg5 Kd3 65.
Bh4 Ke4 66. Bg5 Kf3 67. Bh4 1/2-1/2

[Event "Early-Titled-Tuesday-Blitz-September-26-2023"]
[Site "Chess.com"]
[Date "2023.09.26"]
[Round "8"]
[White "DonkyDonkyDonkey"]
[Black "Flawless_Fighter"]
[Result "1-0"]
[WhiteElo "2761"]
[BlackElo "2836"]
[TimeControl "180+1"]
[EndTime "9:29:50 PDT"]
[Termination "DonkyDonkyDonkey won on time"]

1. d4 Nf6 2. Nc3 d5 3. Bf4 a6 4. e3 e6 5. g4 Bb4 6. Ne2 O-O 7.
a3 Bd6 8. g5 Ne8 9. h4 c5 10. Bg2 Nc6 11. O-O Bxf4 12. Nxf4 cxd4 13. exd4 Nd6 14. Bh3 Bd7 15. Re1 Rc8 16. Qd3 Ne7 17.
Rad1 Nef5 18. Bxf5 Nxf5 19. Qh3 Nxd4 20. Rxd4 e5 21. Rxd5 Bxh3 22. Rxd8 Rfxd8 23. Nxh3 f6 24. Re2 Rc4 25. Ne4 Rdd4 26. f3 Kf7 27. Kg2 f5 28. Ng3 g6 29. Nf2 Rd5 30. Nd3 Rxh4 31. Nxe5+ Kf8 32.
Nd3 Rc4 33. f4 b5 34. Kf3 a5 35. Nf1 Rdd4 36. Ne3 Rc7 37. Ne5 b4 38. axb4 axb4 39. Rh2 Kg7 40. Rh1 Ra7 41. Rc1 Rc7 42. Ra1 h6 43.
gxh6+ Kxh6 44. Ra6 Kh7 45. Nxg6 Rg7 46. Nxf5 Rc4 47. Nxg7 Kxg7 48. Kg4 Rxc2 49. Ne5 Rxb2 50. Kf5 b3 51. Ra7+ Kg8 52. Rb7 Rb1 53. Kf6 1-0

[Event "Early-Titled-Tuesday-Blitz-September-26-2023"]
[Site "Chess.com"]
[Date "2023.09.26"]
[Round "8"]
[White "a-z30"]
[Black "maracayo"]
[Result "1/2-1/2"]
[WhiteElo "2509"]
[BlackElo "2400"]
[TimeControl "180+1"]
[EndTime "9:29:50 PDT"]
[Termination "Game drawn by repetition"]

1. d3 d6 2. Nf3 Nf6 3. g3 Nbd7 4. Bg2 e5 5. O-O Be7 6. c4 O-O 7. Nc3 c6 8. b3 Re8 9. Qc2 Bf8 10. Bb2 h6 11. e3 a6 12. Rac1 d5 13. cxd5 cxd5 14. d4 e4 15. Ne5 Bd6 16. Ne2 Nxe5 17. dxe5 Bxe5 18. Bxe5 Rxe5 19. Qc7 Qe8 20. Nd4 Re7 21. Qb6 Be6 22. Rc7 Rxc7 23. Qxc7 Qd7 24. Rc1 Rc8 25.
Qxc8+ Qxc8 26. Rxc8+ Bxc8 27. Kf1 Kf8 28. h3 Ke7 29.
Ke2 Kd6 30. Kd2 g6 31. b4 Nd7 32. Bf1 Ne5 33. h4 Nc6 34. Kc3 Ke5 35. Nxc6+ bxc6 36. a3 g5 37. hxg5 hxg5 38. Be2 f5 39. Bf1 f4 40. gxf4+ gxf4 41. Be2 f3 42. Bd1 Bh3 43. Ba4 Bd7 44.
Bb3 Bc8 45. Bc2 Bd7 46. Bb1 Be8 47. Ba2 Bd7 48. Bb3 Bc8 49. Ba4 Bd7 50. Bd1 Bc8 51. Bc2 Bd7 52. Ba4 Bc8 53. Bc2 1/2-1/2

[Event "Early-Titled-Tuesday-Blitz-September-26-2023"]
[Site "Chess.com"]
[Date "2023.09.26"]
[Round "8"]
[White "Zhigalko_Sergei"]
[Black "Lennis93"]
[Result "1-0"]
[WhiteElo "2844"]
[BlackElo "2728"]
[TimeControl "180+1"]
[EndTime "9:29:54 PDT"]
[Termination "Zhigalko_Sergei won by checkmate"]

1. e4 c5 2. Nf3 Nc6 3. c3 Nf6 4.
e5 Nd5 5. Bc4 Nb6 6. Bb3 d5 7.
exd6 Qxd6 8. O-O Be6 9. Bxe6 Qxe6 10. a4 a6 11. d4 Rd8 12. a5 Nc8 13. Qa4 Qd7 14.
dxc5 e6 15. b4 Be7 16. Be3 O-O 17. Na3 Bf6 18. Rad1 Qc7 19. Qc2 N8e7 20. Bg5 Nd5 21. Nc4 Bxc3 22. Bxd8 Rxd8 23. Nb6 Ncxb4 24. Nxd5 Nxd5 25.
Rxd5 Rxd5 26. Qxc3 Rxc5 27. Qd4 Rxa5 28. Qa7 f6 29.
Qa8+ Kf7 30. Qh8 h5 31. h3 Rc5 32. Rd1 b5 33. Qh7 Rc1 34. Qxh5+ Ke7 35. Nh4 Rxd1+ 36. Qxd1 b4 37. Ng6+ Kf7 38. Qh5 Qc1+ 39. Kh2 Qh6 40. Ne5+ Kg8 41. Qf7+ Kh7 42. Nd7 Qf4+ 43. Kh1 b3 44.
Nf8+ Kh8 45. Ng6+ Kh7 46. Nxf4 b2 47. Qg6+ Kg8 48. Nxe6 b1=Q+ 49. Qxb1 Kf7 50. Nf4 f5 51. Qa2+ Kf6 52. Qxa6+ Kg5 53. Ne6+ Kh4 54. Nxg7 Kg5 55. Nxf5 Kxf5 56. Qa4 Kg5 57. Qg4+ Kh6 58. Kh2 Kh7 59. Kg3 Kh6 60. Kf4 Kh7 61. Kf5 Kh6 62. Kf6 Kh7 63.
Kf7 Kh8 64. Qh4# 1-0

[Event "Early-Titled-Tuesday-Blitz-September-26-2023"]
[Site "Chess.com"]
[Date "2023.09.26"]
[Round "8"]
[White "GeorgiosSouleidis"]
[Black "ChessQueen"]
[Result "0-1"]
[WhiteElo "2551"]
[BlackElo "2724"]
[TimeControl "180+1"]
[EndTime "9:29:57 PDT"]
[Termination "ChessQueen won by resignation"]

1. e4 c6 2. Nc3 d5 3. Nf3 dxe4 4. Nxe4 Nf6 5. Qe2 Nxe4 6. Qxe4 Nd7 7. d4 Nf6 8. Qd3 Bg4 9. Be2 e6 10. O-O Bd6 11.
Qb3 Qc7 12. h3 Bh5 13. Re1 O-O 14. a4 a5 15. Bg5 Nd5 16. Rad1 h6 17. Bc1 Rfe8 18.
Ne5 Bxe2 19. Rxe2 Rad8 20. Rde1 c5 21. dxc5 Bxc5 22. Qg3 Ne7 23. c3 Nf5 24. Qf3 Ba7 25. Bf4 Bb8 26. Re4 Qe7 27. Nc4 Bxf4 28. Qxf4 Qc5 29.
Re5 Rd5 30. Rxd5 Qxd5 31. Ne3 Nxe3 32. Qxe3 Qb3 33. Qe2 Qxa4 34. Qe4 Qb3 35. Re2 Rd8 36. g3 Rd1+ 37. Kh2 Qd5 38. Qxd5 Rxd5 39. Kg2 Kf8 40.
Kf3 Ke7 41. Re1 Kd6 42. Ke2 b6 43. Ra1 Kc5 44. Ra4 e5 45. h4 g6 46. h5 g5 47. g4 Rd7 48. f3 f6 49. Re4 b5 50.
b3 Ra7 51. Kd2 a4 52. b4+ Kd5 53. Kc2 a3 54. Re1 a2 55. Ra1 Kc4 56. Kb2 Ra6 57. Kc2 Ra3 58. Kb2 Rxc3 59. Kxa2 Rxf3 0-1

[Event "Early-Titled-Tuesday-Blitz-September-26-2023"]
[Site "Chess.com"]
[Date "2023.09.26"]
[Round "8"]
[White "JimDiGrease"]
[Black "h4parah5"]
[Result "1/2-1/2"]
[WhiteElo "2854"]
[BlackElo "2960"]
[TimeControl "180+1"]
[EndTime "9:29:58 PDT"]
[Termination "Game drawn by repetition"]

1. d4 Nf6 2. c4 g6 3. Nc3 Bg7 4. e4 d6 5. Nf3 O-O 6. Be2 Nbd7 7. O-O e5 8. Qc2 Qe7 9. d5 a5 10. Be3 Ng4 11. Bg5 f6 12. Bd2 Nh6 13.
a3 f5 14. b4 Nf6 15. c5 fxe4 16. Nxe4 Nxe4 17. Qxe4 axb4 18. axb4 Rxa1 19. Rxa1 Bf5 20. Qh4 Qxh4 21. Nxh4 Be4 22. Rd1 Nf7 23. Be3 Ra8 24.
Nf3 Bc2 25. Rc1 Bb3 26. Bc4 Bxc4 27. Rxc4 e4 28. Nd2 Ra1+ 29. Nf1 Ne5 30. Rxe4 Nd3 31.
cxd6 cxd6 32. g3 Rb1 33. Kg2 Rxb4 34. Re8+ Kf7 35. Rd8 Be5 36. Nd2 Ne1+ 37. Kf1 Nc2 38. Bg5 Rb5 39. Rd7+ Ke8 40. Rd8+ Kf7 41. Rd7+ Ke8 42. Rxh7 Nb4 43. Nc4 Nxd5 44. h4 Rb4 45.
Nxe5 dxe5 46. Rg7 Rb6 47. g4 Kf8 48. Rd7 Nf6 49. Bxf6 Rxf6 50. Rxb7 Rf4 51. Rh7 Rxg4 52. h5 gxh5 53. Rxh5 e4 54. Rf5+ Ke7 55. Ke2 Ke6 56.
Rf8 Ke5 57. Re8+ Kd5 58. Rd8+ Ke5 59. Re8+ Kd5 60. Rd8+ Ke5 61. Re8+ 1/2-1/2

[Event "Early-Titled-Tuesday-Blitz-September-26-2023"]
[Site "Chess.com"]
[Date "2023.09.26"]
[Round "8"]
[White "Mikasinski"]
[Black "TheRigos"]
[Result "0-1"]
[WhiteElo "2694"]
[BlackElo "2612"]
[TimeControl "180+1"]
[EndTime "9:29:58 PDT"]
[Termination "TheRigos won by resignation"]

1. e4 f5 2. exf5 Nf6 3. d4 d5 4. Bd3 c5 5. c3 c4 6. Bc2 e6 7.
fxe6 Bd6 8. Ne2 Bxe6 9. Nd2 O-O 10. Nf3 Bg4 11. Ne5 Nc6 12. Bf4 Nh5 13. Nxg4 Bxf4 14.
Nxf4 Nxf4 15. O-O Qg5 16. g3 Rae8 17. Kh1 Ne2 18. Ne3 Qh5 19. g4 Qh3 20. Qxe2 Re6 21. f3 Rfe8 22. Qg2 Qh6 23. Nf5 Qf4 24. Qg3 g5 25.
Qxf4 gxf4 26. Rf2 b5 27. a4 b4 28. Raf1 Re1 29. Kg2 R8e2 30. Rxe2 Rxe2+ 31. Rf2 Re1 32. g5 b3 33. Bxb3 cxb3 34. h4 Na5 35. h5 Nc4 36. Kh3 Ne3 37. Nxe3 fxe3 38. Rg2 Rf1 39. Re2 Rxf3+ 40. Kg4 Rf2 41. Rxe3 Rxb2 42. Re8+ Kf7 43. Rb8 Ke6 44. h6 Rb1 45. Kf3 b2 46. Ke2 Kf5 47.
Kd2 Kxg5 48. Kc2 Rh1 49. Kxb2 Rxh6 50. Rb7 Rb6+ 51. Rxb6 axb6 52. c4 h5 53. cxd5 h4 54.
Kc3 h3 0-1

[Event "Early-Titled-Tuesday-Blitz-September-26-2023"]
[Site "Chess.com"]
[Date "2023.09.26"]
[Round "8"]
[White "Vanina1989"]
[Black "jk13"]
[Result "1/2-1/2"]
[WhiteElo "2712"]
[BlackElo "2624"]
[TimeControl "180+1"]
[EndTime "9:30:01 PDT"]
[Termination "Game drawn by repetition"]

1. d4 Nf6 2. c4 e6 3. Nf3 Bb4+ 4.
Bd2 Bxd2+ 5. Qxd2 O-O 6. Nc3 d5 7. e3 Qe7 8. Rc1 Rd8 9. cxd5 exd5 10. Be2 Nc6 11. O-O Bf5 12. h3 Ne4 13. Nxe4 Bxe4 14.
Qd1 Rd6 15. Nd2 Bf5 16. Bg4 Bg6 17. Re1 Re8 18. Qb3 Nd8 19. Be2 c6 20. Nf3 Be4 21.
Ne5 Qg5 22. f3 Bg6 23. Bd3 Bxd3 24. Qxd3 Rde6 25. Ng4 h5 26. f4 Qh4 27. f5 Re4 28. Nf2 R4e7 29. Re2 f6 30. Rce1 Nf7 31. e4 dxe4 32.
Nxe4 Kh8 33. Qf3 Kg8 34. Kh2 Ng5 35. Nxg5 Rxe2 36. Rxe2 Rxe2 37. Qxe2 Qxg5 38. Qe4 Kh7 39. h4 Qd2 40. Qf3 Kh6 41. Qg3 Kh7 42. Qg6+ Kg8 43. Qe8+ Kh7 44. Qxh5+ Kg8 45. Qe8+ Kh7 46. Qg6+ Kg8 47.
h5 Qxd4 48. Kh3 Qe3+ 49. g3 Kh8 50. b3 c5 51. Qf7 b6 52. Qxa7 b5 53. Qa8+ Kh7 54.
Qd5 Qg5 55. Qxc5 Qxh5+ 56. Kg2 Qe2+ 57. Qf2 Qe4+ 58. Kh2 Qg4 59. Kg2 Qe4+ 60. Qf3 Qc2+ 61. Qf2 Qe4+ 1/2-1/2

[Event "Early-Titled-Tuesday-Blitz-September-26-2023"]
[Site "Chess.com"]
[Date "2023.09.26"]
[Round "8"]
[White "Krakozia"]
[Black "vugarrasulov"]
[Result "0-1"]
[WhiteElo "3032"]
[BlackElo "2971"]
[TimeControl "180+1"]
[EndTime "9:30:03 PDT"]
[Termination "vugarrasulov won on time"]

1. Nf3 Nf6 2. g3 b6 3. Bg2 Bb7 4. O-O g6 5. c4 c5 6. d4 cxd4 7. Qxd4 Bg7 8. Nc3 d6 9. Rd1 Nbd7 10. Be3 Rc8 11. Rac1 Nc5 12. b4 Ne6 13. Qh4 h6 14.
Nd5 g5 15. Nxf6+ Bxf6 16. Qg4 Qd7 17. Qf5 Rc7 18. a3 Qc8 19. Qd3 Qa8 20. Qf5 O-O 21.
h4 Qc8 22. Bh3 Ng7 23. hxg5 Nxf5 24. gxf6 Bxf3 25. exf3 e6 26. Bxf5 exf5 27. Rd4 Qe6 28. Bxh6 Qxf6 29. Rh4 Re8 30. Kg2 Rce7 31. Bd2 Re2 32.
Bc3 Qxh4 33. gxh4 Kh7 34. f4 R8e4 35. Kf3 Ra2 36. Be1 Rxa3+ 37. Kg2 Rxf4 38. Bd2 Rg4+ 39. Kf1 Rxh4 40. Ke2 Re4+ 41. Kf1 Rd3 42. Be1 Kg6 43. c5 bxc5 44. bxc5 dxc5 45. Ba5 Rd5 46. Bc3 c4 47. Kg2 Rd3 48. Bb4 f6 49. Bc3 f4 50.
Bb4 f3+ 51. Kg3 Kf5 52. Ra1 Rg4+ 53. Kh3 Rg2 54. Bc5 Rd7 0-1

[Event "Early-Titled-Tuesday-Blitz-September-26-2023"]
[Site "Chess.com"]
[Date "2023.09.26"]
[Round "8"]
[White "blitzo_vich"]
[Black "Antik5"]
[Result "1-0"]
[WhiteElo "2631"]
[BlackElo "2398"]
[TimeControl "180+1"]
[EndTime "9:30:03 PDT"]
[Termination "blitzo_vich won on time"]

1. e4 e5 2. Nf3 Nc6 3. Bc4 Bc5 4. c3 Nf6 5. d3 d6 6. Nbd2 a6 7. a4 Ba7 8. h3 O-O 9. Nf1 d5 10. exd5 Nxd5 11. Ng3 h6 12. O-O Qd6 13. Ne4 Qd8 14. Re1 Re8 15. Bxh6 Nxc3 16. Qb3 gxh6 17. Bxf7+ Kg7 18. Bxe8 Nxe4 19. Qf7+ Kh8 20. dxe4 Bxh3 21. Qf8+ Kh7 22. gxh3 Qxe8 23. Qxe8 Rxe8 24. Red1 Nd4 25.
Nxd4 Bxd4 26. Rac1 c6 27. Rd3 Rf8 28. Rc2 Rf4 29.
Re2 c5 30. b3 b5 31. axb5 axb5 32. Kg2 c4 33. bxc4 bxc4 34. Rf3 Rh4 35. Rg3 c3 36. Ra2 Rxe4 37. Kf1 Rf4 38. Rg2 Rf7 39. Ke2 e4 40. Ra4 c2 41. Rc4 e3 42. f3 Rd7 43. Rxc2 Be5 44.
Kxe3 Bf6 45. Rgd2 Bg5+ 46. f4 Re7+ 47. Kf3 Bf6 48. Re2 Rf7 49. Ke4 Re7+ 50. Kd5 Rf7 51. Ke6 Rf8 52. Rc7+ Kg6 53. Rg2+ Kh5 54. Rf7 Rxf7 55.
Kxf7 Bd4 56. Rg4 1-0

[Event "Early-Titled-Tuesday-Blitz-September-26-2023"]
[Site "Chess.com"]
[Date "2023.09.26"]
[Round "8"]
[White "Maxterlopez"]
[Black "deribas12345"]
[Result "1-0"]
[WhiteElo "2744"]
[BlackElo "2568"]
[TimeControl "180+1"]
[EndTime "9:30:06 PDT"]
[Termination "Maxterlopez won on time"]

1. Nf3 c5 2. e4 d6 3. d4 cxd4 4. Nxd4 Nf6 5. Nc3 a6 6. Be3 e5 7. Nb3 Be7 8. f3 O-O 9. Qd2 Be6 10. O-O-O b5 11. g4 b4 12. Nd5 Bxd5 13. exd5 a5 14. Kb1 Nbd7 15. Bb5 a4 16. Nc1 b3 17. cxb3 axb3 18. Nxb3 Nb6 19. Bc6 Nc4 20. Qe2 Nxe3 21. Qxe3 Rb8 22. Rc1 Nd7 23. h4 f5 24. g5 Nb6 25. Rhe1 Rf7 26. Re2 Bf8 27. Rec2 g6 28.
Nd2 Bg7 29. b4 e4 30. f4 Rf8 31. Nb3 Nc8 32. a3 Ne7 33. Ka2 Kh8 34. Nd4 Qb6 35. Rc4 Qa7 36. Kb3 Nc8 37. Nc2 Nb6 38.
Rc3 Rf7 39. a4 Qa6 40. a5 Nc8 41. Ra1 Ne7 42. Nd4 Rff8 43. Ne6 Rfc8 44. Nxg7 Kxg7 45.
Qd4+ Kg8 46. Qc4 Qa7 47. b5 Nxc6 48. dxc6+ Kf8 49. b6 Rxb6+ 50. axb6 Qxa1 51. Rc1 Qa5 52. Qb4 Qd5+ 53. Kb2 e3 54. b7 Rb8 55. c7 Qd4+ 56. Qxd4 Rxb7+ 57. Ka2 Rxc7 58. Rxc7 1-0

[Event "Early-Titled-Tuesday-Blitz-September-26-2023"]
[Site "Chess.com"]
[Date "2023.09.26"]
[Round "8"]
[White "Javylavilla"]
[Black "AttilaTurzo"]
[Result "1-0"]
[WhiteElo "2346"]
[BlackElo "2460"]
[TimeControl "180+1"]
[EndTime "9:30:07 PDT"]
[Termination "Javylavilla won on time"]

1. e4 c5 2. Nf3 Nc6 3. Bb5 g6 4. Bxc6 dxc6 5. d3 Bg7 6. Nc3 e5 7. h3 Qe7 8. Be3 Nf6 9. Qd2 h6 10. O-O-O Nd7 11. g4 Nf8 12. Ne2 Ne6 13. h4 Nd4 14.
Bxd4 cxd4 15. g5 hxg5 16. hxg5 Be6 17. Rxh8+ Bxh8 18. Rh1 O-O-O 19. Ng3 Kb8 20. Qa5 b6 21. Qa4 Bg4 22. Nd2 c5 23. Qc4 Be6 24. Qb5 Qxg5 25. a4 Qe7 26. a5 Qc7 27. Nc4 Bxc4 28. Qxc4 Bf6 29. Nf1 Bg5+ 30. Kb1 f5 31. Qe6 Qd6 32. exf5 gxf5 33. Qxf5 Bf4 34. Ng3 Bxg3 35. fxg3 bxa5 36. Rh7 Rf8 37. Qe4 Rf1+ 38. Ka2 Qe6+ 39. b3 Rf7 40.
Rxf7 Qxf7 41. Qxe5+ Kb7 42. Qxc5 Qf2 43. Kb2 Qxg3 44.
Qb5+ Kc8 45. Qxa5 Qd6 46. Qxa7 Qb4 47. Qa6+ Kd8 48. Qf6+ Ke8 49. Qe6+ Kd8 50. Qd5+ Ke8 51. Qc6+ Kd8 52. Qc4 Qb6 53. b4 Kd7 54. b5 Kd6 55.
Kb3 Qa7 56. Kb4 Qa1 57. b6 Qb2+ 58. Qb3 Qa1 59. Kc4 Kc6 60. Qb5+ Kb7 61. Kd5 Qc3 62. Qc4 Qb2 63. Qxd4 1-0

[Event "Early-Titled-Tuesday-Blitz-September-26-2023"]
[Site "Chess.com"]
[Date "2023.09.26"]
[Round "8"]
[White "invisible_s0ul"]
[Black "Bodhanas"]
[Result "1-0"]
[WhiteElo "2320"]
[BlackElo "2049"]
[TimeControl "180+1"]
[EndTime "9:30:08 PDT"]
[Termination "invisible_s0ul won by checkmate"]

1. Nf3 b6 2. g3 Bb7 3. Bg2 d5 4. d3 Nf6 5. O-O e6 6. Nbd2 Be7 7. b3 O-O 8. Bb2 Nbd7 9. c4 Re8 10. Rc1 c5 11. Qc2 d4 12. e4 Qc7 13. Ne1 a6 14. f4 e5 15. f5 Ng4 16. Rf3 Ne3 17. Rxe3 dxe3 18. Nf1 b5 19. Nxe3 Bg5 20. Qe2 bxc4 21. dxc4 Bxe3+ 22. Qxe3 Nf6 23. Nd3 Rac8 24. Ba3 Ng4 25.
Qe2 Nf6 26. Bxc5 Rcd8 27. b4 Qc6 28. Nf2 a5 29. a3 axb4 30. axb4 Rd7 31. Qe3 Red8 32.
b5 Qc8 33. Bb6 Re8 34. c5 Rde7 35. c6 Bxc6 36. bxc6 Qa6 37. c7 Rc8 38. Bf1 Qb7 39. g4 Ne8 40. Qc5 Rd7 41. Bb5 Rd4 42. Qc6 Qxc6 43.
Bxc6 Nxc7 44. Bxd4 exd4 45. Bd7 Rd8 46. Rxc7 Kf8 47.
Bb5 f6 48. Bd3 Rb8 49. Kg2 Rb2 50. Kf3 h6 51. h4 Kg8 52. g5 hxg5 53. hxg5 fxg5 54.
Ng4 Kh7 55. e5 Kg8 56. f6 gxf6 57. Nxf6+ Kh8 58. Rh7# 1-0

[Event "Early-Titled-Tuesday-Blitz-September-26-2023"]
[Site "Chess.com"]
[Date "2023.09.26"]
[Round "8"]
[White "lamomiajunior"]
[Black "FREDERICKtheMATE"]
[Result "1-0"]
[WhiteElo "2757"]
[BlackElo "2612"]
[TimeControl "180+1"]
[EndTime "9:30:11 PDT"]
[Termination "lamomiajunior won on time"]

1. d4 Nf6 2. c4 e6 3. Nc3 d5 4. cxd5 exd5 5. Bg5 c6 6. e3 Be7 7. Bd3 Nbd7 8. Nf3 h6 9. Bf4 Nh5 10. Be5 Nxe5 11. Nxe5 Nf6 12. O-O O-O 13. Qc2 Ng4 14. Nxg4 Bxg4 15. f3 Be6 16. Rae1 f5 17. Kh1 Kh8 18.
Ne2 Qd7 19. Nf4 Rf6 20. Nh5 Rf7 21. Qf2 Bb4 22. Rd1 Re8 23. Nf4 Bd6 24. Ng6+ Kg8 25.
f4 Qc7 26. Rc1 Qa5 27. a3 Qb6 28. Ne5 Rfe7 29. Qc2 a5 30. Rf2 Bxe5 31. fxe5 g6 32. Rg1 h5 33. Qe2 Rf7 34. Qf3 Qb3 35. Bb1 Ref8 36.
Qf4 Kh7 37. Re1 Rc7 38. Qg5 c5 39. h3 c4 40. Kh2 Kg7 41. Ref1 Rcf7 42. Re1 b5 43.
Ree2 b4 44. axb4 axb4 45. Qf4 c3 46. Qg5 Qc4 47. bxc3 bxc3 48. Ba2 Qb4 49. Qf4 Ra7 50. Rc2 Ra3 51. Qg5 Rf7 52. Qh4 Qa5 53. Qg5 Qb4 54. e4 fxe4 55. Rxf7+ Bxf7 56. Qf6+ Kg8 57. e6 Be8 58. e7 Bf7 59. Rf2 1-0

[Event "Early-Titled-Tuesday-Blitz-September-26-2023"]
[Site "Chess.com"]
[Date "2023.09.26"]
[Round "8"]
[White "rasmussvane"]
[Black "Shield12"]
[Result "0-1"]
[WhiteElo "3001"]
[BlackElo "2989"]
[TimeControl "180+1"]
[EndTime "9:30:17 PDT"]
[Termination "Shield12 won by resignation"]

1. Nf3 Nf6 2. c4 e6 3. g3 d5 4. Bg2 d4 5. d3 Bb4+ 6. Bd2 a5 7. O-O Nc6 8. e3 O-O 9. exd4 Nxd4 10. Bc3 Bxc3 11.
bxc3 Nxf3+ 12. Qxf3 Rb8 13. Nd2 b5 14. Qe3 b4 15.
cxb4 Rxb4 16. Rfb1 e5 17. Rxb4 axb4 18. Rb1 Qd6 19.
c5 Qa6 20. Rxb4 Qxa2 21. h3 Bxh3 22. Bxh3 Nd5 23. Qe4 Qxd2 24. Rb7 Qc1+ 25. Bf1 Qxc5 26. Qxe5 Qc6 27. Rb1 Re8 28. Qd4 Nf6 29. Bg2 Qc2 30.
Ra1 h5 31. Bf3 c5 32. Qc4 Qxc4 33. dxc4 g5 34. Ra5 Re5 35. Kh2 g4 36. Bd5 Nxd5 37.
Rxc5 Rf5 38. Rxd5 Rxd5 39. cxd5 Kf8 40. Kg2 Ke7 41. f3 Kd6 42. Kf2 Kxd5 43. Ke3 Ke5 44. Kd3 gxf3 45. Ke3 f2 46. Kxf2 Ke4 47. Ke2 Kf5 48.
Kf3 Kg5 49. Kf2 Kg4 50. Kg2 h4 51. gxh4 Kxh4 52. Kf3 Kg5 53. Ke4 Kg4 54. Ke3 f5 55. Kf2 Kf4 56. Ke2 Kg3 57. Ke3 f4+ 58. Ke4 f3 0-1